 Dungeon Crawl Stone Soup version 0.26-a0-639-g72c4674329 (webtiles) character file.

Game seed: 11787646591953462730

15 Peloso the Skirmisher (level 2, 19/24 HPs)
             Began as a Demonspawn Fighter on Sept 18, 2020.
             Got out of the dungeon alive.
             The game lasted 00:00:41 (793 turns).

Peloso the Skirmisher (Demonspawn Fighter)           Turns: 793, Time: 00:00:42

Health: 19/24      AC:  6    Str: 16    XL:     2   Next: 34%
Magic:  2/2        EV:  6    Int:  9    God:
Gold:   40         SH:  8    Dex: 12    Spells: 1/1 levels left

rFire    . . .     SeeInvis .   a - +0 long sword
rCold    . . .     Faith    .   c - +0 kite shield
rNeg     . . .     Spirit   .   b - +0 scale mail
rPois    .         Reflect  .   (helmet restricted)
rElec    .         Harm     .   (no cloak)
rCorr    .         Rampage  .   (no gloves)
MR       .....                  (no boots)
Stlth    ..........             (no amulet)
HPRegen  0.08/turn              (no ring)
MPRegen  0.08/turn              (no ring)

@: no status effects
A: horns 1
a: no special abilities


You escaped.
You visited 1 branch of the dungeon, and saw 2 of its levels.

You collected 40 gold pieces.

Inventory:

Hand Weapons
 a - a +0 long sword (weapon)
Armour
 b - a +0 scale mail (worn)
 c - a +0 kite shield (worn)
Scrolls
 f - a scroll of identify {unknown}
 g - a scroll of remove curse {unknown}
 i - a scroll of noise {unknown}
Potions
 d - a potion of might
 e - a potion of lignification {unknown}
 h - a potion of mutation {unknown}


   Skills:
 + Level 3.6 Fighting
 + Level 1.7 Long Blades
 + Level 2.7 Armour
 + Level 0.3 Dodging
 + Level 2.7 Shields


You had one spell level left.
You didn't know any spells.
Your spell library was empty.

Dungeon Overview and Level Annotations

Branches:
Dungeon (2/15)

Altars:


Innate Abilities, Weirdness & Mutations

You have a pair of small horns on your head.


Message History

(D) Dungeon
Where to? (Enter - D:12, ? - help)
What level of the Dungeon? (default 1, ? - help)
You feel sick.
i - a scroll labeled NOTYNLEAQU You see here an adder corpse.
You feel sick.
You feel sick.
You feel sick.
You are no longer poisoned.
There is an open door here.
There is a stone staircase leading up here.
You climb upwards.
There is a stone staircase leading down here.
You see here 11 stones.
There is an open gate here.
There is an open door here.
There is a staircase leading out of the dungeon here.
Are you sure you want to leave the Dungeon?
This will make you lose the game!
You have escaped!

♣♣♣ ################### ♣♣.♣
#....#...8...#...(# #♣♣♣⌠.♣
#.@..'.....8.#..⌠.# ♣....♣♣
#....#...⌠...#....#
♣♣[...♣♣#....#....[8.'.(..#
#♣♣.)...♣###..#.......#..###
#.......♣♣♣####..8....####
###.........♣♣♣ #.......# ♣♣♣
#.............♣♣###...###♣♣.♣
#.######♣♣♣.(..♣.♣#'''#♣♣...♣
#.# ###...............♣


There were no monsters in sight!

Vanquished Creatures
  An adder (D:2)
  A leopard gecko (D:1)
  A giant cockroach (D:1)
  A bat (D:1)
  A frilled lizard (D:1)
  2 rats (D:1)
7 creatures vanquished.

Notes
Turn   | Place    | Note
-------+----------+-------------------------------------------
     0 | D:1      | Peloso the Demonspawn Fighter began the quest for the Orb.
     0 | D:1      | Reached XP level 1. HP: 18/18 MP: 1/1
   706 | D:2      | Gained mutation: You have a pair of small horns on your
                  | head. [demonic ancestry]
   706 | D:2      | Reached XP level 2. HP: 16/24 MP: 2/2
   793 | D:$      | Got out of the dungeon alive.

Illustrated notes

Levels and vault maps discovered:
D:1:      sevenhm_arrival_forest_fort_large_2, layout_basic,
          corexii_item_surrounded_by_moat, wander_ebering_terrifying_dragon_lair
D:2:      layout_basic, lemuel_coloured_pillars_altar, lemuel_round_altar,
          nemelex_diamond_rough_becter

Action                   || total
-------------------------++-------
Melee: Long sword        ||    29
Armor: Scale mail        ||    12
Dodge: Dodged            ||     9
Block: Kite shield       ||    21
       Rpst.: Long sword ||     1

Table legend: (Time is in decaauts)
 A = Elapsed time spent in this place.
 B = Non-inter-level travel time spent in this place.
 C = Inter-level travel time spent in this place.
 D = Time resting spent in this place.
 E = Time spent auto-exploring this place.
 F = Levels seen in this place.
 G = Mean time per level.
                   A        B        C        D        E       F      G
               +--------+--------+--------+--------+--------+-----+--------+
         Total |    804 |    680 |    124 |      0 |    592 |   2 |  402.0 |
       Dungeon |    804 |    680 |    124 |      0 |    592 |   2 |  402.0 |
               +--------+--------+--------+--------+--------+-----+--------+

Top non-repeatable levels by time:
     D:1: 725 daAuts
     D:2: 78 daAuts
